 Dungeon Crawl Stone Soup version 0.24-a0-613-g1ff6aac338 (webtiles) character file.

Game seed: 5612476691841132437, levelgen mode: deterministic

1180 functor the Chopper (level 8, -6/71 HPs)
             Began as a Hill Orc Berserker on Sept 11, 2019.
             Was a Priest of Trog.
             Mangled by an iguana (11 damage)
             ... on level 4 of the Dungeon.
             The game lasted 00:29:29 (5531 turns).

functor the Chopper (Hill Orc Berserker)            Turns: 5531, Time: 00:29:30

Health: -6/71      AC:  9    Str: 20    XL:     8   Next: 42%
Magic:  8/8        EV: 15    Int:  7    God:    Trog [***...]
Gold:   134        SH:  8    Dex: 17    Spells: 7/7 levels left

rFire    . . .     SeeInvis .   k - +0 war axe
rCold    + . .     Gourm    .   l - +0 shield
rNeg     . . .     Faith    .   i - +0 ring mail
rPois    .         Spirit   .   (no helmet)
rElec    .         Reflect  .   d - +0 cloak
rCorr    .         Harm     .   (no gloves)
MR       .....                  (no boots)
Stlth    ++........             (no amulet)
HPRegen  0.21/turn              (no ring)
MPRegen  0.11/turn              (no ring)

@: agile
A: iridescent scales 1, cold resistance 1
a: Berserk, Trog's Hand, Renounce Religion


You were on level 4 of the Dungeon.
You worshipped Trog.
Trog was most pleased with you.
You were hungry.

You visited 2 branches of the dungeon, and saw 6 of its levels.

You collected 134 gold pieces.

Inventory:

Hand Weapons
 a - a +3 quarterstaff of chaos
 e - a +0 hunting sling
 k - a +0 war axe (weapon)
 m - a +2 mace of crushing
Missiles
 b - 29 bolts
 f - 47 arrows
 h - 40 stones
 j - 26 sling bullets (quivered)
Armour
 d - a +0 cloak (worn)
 i - a +0 ring mail (worn)
 l - a +0 shield (worn)
Scrolls
 g - 2 scrolls of immolation
 o - 2 scrolls of amnesia {unknown}
 R - 4 scrolls of identify
 T - 3 scrolls of teleportation
 W - a scroll of remove curse
Potions
 p - a potion of might
Comestibles
 z - 11 rations


   Skills:
 + Level 6.9 Fighting
 + Level 7.4 Axes
 + Level 5.7 Armour
 + Level 4.3 Dodging


You had 7 spell levels left.
You didn't know any spells.
Your spell library was empty.

Dungeon Overview and Level Annotations

Branches:
Dungeon (5/15)             Temple (1/1) D:4

Altars:
Ashenzari
Cheibriados
Dithmenos
Elyvilon
Fedhas
Gozag
Kikubaaqudgha
Makhleb
Nemelex Xobeh
Okawaru
Qazlal
Ru
Sif Muna
Trog
Uskayaw
Wu Jian
Xom
Yredelemnul
Zin
The Shining One

Shops:
D:4 *


Innate Abilities, Weirdness & Mutations

You are partially covered in iridescent scales. (AC +2)
Your flesh is cold resistant. (rC+)


Message History

You climb upwards.
There is a stone staircase leading down here.
You are feeling hungry.
You closely miss the orc wizard.
The orc wizard is lightly wounded.
The orc priest shouts, "Surrender to Beogh and we'll let you live!"
You hit the iguana but do no damage. You hit the orc priest.
The orc wizard hits you but does no damage.
The orc priest miscasts a cantrip.
The iguana barely misses you.
You slash the orc wizard!
The orc wizard is heavily wounded.
You hit the iguana. You hit the orc priest. You block the orc wizard's attack.
The orc priest hits you but does no damage.
The iguana barely misses you.
The orc wizard hits you with a +0 dagger.
Your shield prevents you from hitting the orc wizard.
The orc wizard is heavily wounded.
You closely miss the iguana. You slash the orc priest!
The orc priest hits you but does no damage.
The iguana closely misses you. The orc wizard closely misses you.
The orc priest hits you but does no damage.
The iguana barely misses you.
You slash the orc priest!
You kill the orc priest!
Trog accepts your kill.
You closely miss the orc wizard. You hit the iguana.
The orc wizard points at you and mumbles some strange words.
The puff of flame hits you. You block the iguana's attack.
You closely miss the orc wizard.
The orc wizard is heavily wounded.
You closely miss the iguana.
The orc wizard mumbles some strange words.
The orc wizard seems to speed up.
The iguana bites you!
* * * LOW HITPOINT WARNING * * *
You are too injured to fight recklessly!
You are too injured to fight recklessly!
You feel agile all of a sudden. You block the orc wizard's attack.
The iguana barely misses you. The orc wizard closely misses you.
You slash the orc wizard!
You kill the orc wizard!
Trog accepts your kill.
Trog appreciates your killing of a magic user.
You slash the iguana! The iguana bites you!
* * * LOW HITPOINT WARNING * * *
You hit the iguana but do no damage.
The iguana is almost dead.
The iguana bites you!
You die...

#.# #.###.........######## #.#
#.....#_#............. #.#
#######.##⌠##.####.###.## ##.#
#........###......#.##.#
...######.######.....#####.###.#
#.........# #..#### #.# #.#
##.######## ##.## #.# #.# .#.#
#..)########.# #.# .#.#
#.@..........# #.# .#.#
#l).########## #.# .#.# #####
#.# .#.# ###################.#
...#########...................#
.........>...###################
..############ ###


You could see an iguana.

Vanquished Creatures
  A phantom (D:4)
  2 bullfrogs
  A scorpion (D:4)
  3 vampire bats (D:4)
  2 hounds (D:4)
  Crazy Yiuf (D:3)
  4 orc priests (D:4)
  An iguana (D:4)
  6 orc wizards
  Ijyb (D:3)
  Natasha (thrice) (D:3)
  5 worker ants
  8 adders
  An ooze (D:3)
  A worm (D:3)
  4 dart slugs
  3 leopard geckos
  12 orcs
  4 giant cockroaches
  4 goblins
  6 hobgoblins
  8 kobolds
  2 quokkas
  13 bats
  3 frilled lizards
  A jackal skeleton (D:3)
  A leopard gecko skeleton (D:5)
  A leopard gecko zombie (D:4)
  2 rats
104 creatures vanquished.

Notes
Turn   | Place    | Note
-------+----------+-------------------------------------------
     0 | D:1      | functor the Hill Orc Berserker began the quest for the Orb.
     0 | D:1      | Reached XP level 1. HP: 19/19 MP: 1/1
   268 | D:1      | Reached XP level 2. HP: 27/27 MP: 2/2
   920 | D:1      | Gained mutation: Your flesh is cold resistant. (rC+)
                  | [potion of mutation]
   920 | D:1      | Gained mutation: You are partially covered in iridescent
                  | scales. (AC +2) [potion of mutation]
   957 | D:2      | Found a faded altar of an unknown god.
   997 | D:2      | Reached XP level 3. HP: 28/33 MP: 3/3
  1051 | D:2      | Found an ancient bone altar of Kikubaaqudgha.
  1052 | D:2      | Found a hide-covered altar of Uskayaw.
  1053 | D:2      | Found a shimmering altar of Xom.
  1995 | D:3      | Found a sparkling altar of Nemelex Xobeh.
  2050 | D:3      | Reached ** piety under Trog
  2050 | D:3      | Reached skill level 3 in Armour
  2050 | D:3      | Reached XP level 4. HP: 35/41 MP: 4/4
  2144 | D:3      | Noticed Ijyb
  2148 | D:3      | Paralysed by Ijyb for 7 turns
  2166 | D:3      | Paralysed by Ijyb for 6 turns
  2175 | D:3      | Paralysed by Ijyb for 5 turns
  2185 | D:3      | Killed Ijyb
  2550 | D:3      | Reached skill level 5 in Axes
  2550 | D:3      | Reached XP level 5. HP: 41/47 MP: 5/5
  2691 | D:3      | Noticed Natasha
  2885 | D:3      | Killed Natasha
  3045 | D:3      | Reached XP level 6. HP: 50/56 MP: 6/6
  3154 | D:3      | Noticed Natasha
  3159 | D:3      | Killed Natasha
  3240 | D:3      | Found a runed translucent door.
  3241 | D:3      | Noticed Crazy Yiuf
  3257 | D:3      | Noticed Natasha
  3265 | D:3      | Killed Natasha
  3265 | D:3      | Reached skill level 3 in Dodging
  3308 | D:3      | Killed Crazy Yiuf
  3655 | D:4      | Reached skill level 6 in Axes
  3661 | D:4      | Reached XP level 7. HP: 59/61 MP: 7/7
  3998 | D:4      | Found Zin's Purification Station.
  3998 | D:4      | Found a glowing silver altar of Zin.
  4096 | D:4      | Reached *** piety under Trog
  4105 | D:4      | Reached skill level 6 in Fighting
  4427 | D:4      | Found a staircase to the Ecumenical Temple.
  4437 | Temple   | Entered the Ecumenical Temple
  4720 | D:4      | Found a glowing silver altar of Zin.
  4800 | D:4      | Found a bloodstained altar of Trog.
  5024 | D:4      | Reached XP level 8. HP: 68/71 MP: 8/8
  5110 | D:4      | Reached skill level 7 in Axes
  5267 | D:5      | Entered Level 5 of the Dungeon
  5417 | D:5      | Found a basalt altar of Yredelemnul.
  5531 | D:4      | Mangled by an iguana

Levels and vault maps discovered:
D:1:      dpeg_arrival_shelter, layout_loops_ring
D:2:      layout_loops_corners, minitemple, chequers_ecumenical_altar_lobes
D:3:      layout_loops_cross, lemuel_round_altar, minmay_misc_feat_hallway,
          uniq_natasha, uniq_ijyb, uniq_crazy_yiuf_cottage
D:4:      minmay_thinvault, layout_loops_ring, lightli_temple_of_fire,
          zin_purify, minmay_temple_entry_stoned_glass, portal_sewer_entry_d,
          first_ration, roderic_batcave, kennysheep_flooded_box
D:5:      layout_rooms, overflow_temple_1_default, vehumet_altar_wand_db,
          serial_curves, eino_curves_04, eino_curves_03, eino_curves_02,
          uniq_pikel, uniq_eustachio
Temple:   oiseaux_autumnal_temple

Skill      XL: |  1  2  3  4  5  6  7  8 |
---------------+-------------------------+-----
Fighting       | 4 5 6 |  6.9
Dodging        | 2 3 4 |  4.3
Armour         | 3 4 5 |  5.7
Axes           | 5 6 7 |  7.4

Action                   |  1- 3 |  4- 6 |  7- 9 || total
-------------------------+-------+-------+-------++-------
Melee: Hand axe          |   127 |    95 |       ||   222
       War axe           |       |    59 |   161 ||   220
 Fire: Hunting sling     |       |     6 |     5 ||    11
  Use: Scroll            |     4 |     1 |     2 ||     7
       Potion            |     2 |     2 |     2 ||     6
  Eat: Chunk             |     4 |     2 |     2 ||     8
       Ration            |       |     1 |     1 ||     2
Armor: Animal skin       |    14 |       |       ||    14
       Ring mail         |    26 |    74 |    65 ||   165
       Skin              |       |    24 |       ||    24
Dodge: Dodged            |    76 |    89 |    67 ||   232
Block: Shield            |       |    10 |    72 ||    82

Table legend:
 A = Non-vault XP
 B = Vault XP
 C = Vault XP percentage of total XP
 D = Non-vault monster count
 E = Vault monster count
 F = Vault count percentage of total count
                 A         B        C        D         E       F
            +---------+---------+-------+---------+---------+-------
      Total |    1130 |     557 |  33.0 |      84 |      20 |  19.2
            +---------+---------+-------+---------+---------+-------
        D:1 |      28 |       0 |   0.0 |      16 |       0 |   0.0
        D:2 |      48 |       0 |   0.0 |      18 |       0 |   0.0
        D:3 |     318 |     112 |  26.0 |      23 |       3 |  11.5
        D:4 |     598 |     445 |  42.7 |      21 |      17 |  44.7
        D:5 |     138 |       0 |   0.0 |       6 |       0 |   0.0
            +---------+---------+-------+---------+---------+-------
